 Dungeon Crawl Stone Soup version 0.27.1-1-g398f81649c (console) character file.

Game seed: 4967520789679853321

197 om the Grasshopper (level 5, -3/43 HPs)
             Began as a Gnoll Warper on Sept 16, 2021.
             Slain by an ogre (25 damage)
             ... on level 4 of the Dungeon.
             The game lasted 00:09:22 (5426 turns).

om the Grasshopper (Gnoll Warper)                   Turns: 5426, Time: 00:09:23

Health: -3/43      AC:  4    Str: 11    XL:     5   Next: 75%
Magic:  12/12      EV: 12    Int: 13    God:
Gold:   206        SH:  0    Dex: 11    Spells: 5/14 levels left

rFire    . . .     SeeInvis .   a - +0 short sword
rCold    . . .     Faith    .   (no shield)
rNeg     . . .     Spirit   .   b - +0 leather armour
rPois    .         Reflect  .   (no helmet)
rElec    .         Harm     .   (no cloak)
rCorr    .         Rampage  .   (no gloves)
Will     .....                  j - +0 pair of boots
Stlth    +.........             (no amulet)
HPRegen  0.14/turn              (no ring)
MPRegen  0.13/turn              (no ring)

@: no status effects
A: fangs 1, strong nose, distributed training
a: no special abilities


You were on level 4 of the Dungeon.
You visited 1 branch of the dungeon, and saw 4 of its levels.

You collected 206 gold pieces.

Inventory:

Hand Weapons
 a - a +0 short sword (weapon)
Missiles
 d - 3 boomerangs of dispersal
Armour
 b - a +0 leather armour (worn)
 j - a +0 pair of boots (worn)
Wands
 n - a wand of flame (8)
Scrolls
 c - a scroll of blinking
 g - a scroll of fog
 h - 2 scrolls of fear
 k - a scroll of vulnerability
 q - a scroll of teleportation
Potions
 e - a potion of lignification
 f - a potion of ambrosia {unknown}
 i - 2 potions of flight
 l - a potion of resistance
 m - a potion of invisibility {unknown}
 o - a potion of haste {unknown}
 p - a potion of degeneration {unknown}


   Skills:
 + Level 4.8 Fighting
 + Level 4.8 Short Blades
 + Level 1.6 Long Blades
 + Level 1.6 Axes
 + Level 1.6 Maces & Flails
 + Level 1.6 Polearms
 + Level 1.6 Staves
 + Level 1.6 Slings
 + Level 1.6 Bows
 + Level 1.6 Crossbows
 + Level 3.0 Throwing
 + Level 3.0 Armour
 + Level 4.8 Dodging
 + Level 1.6 Stealth
 + Level 1.6 Shields
 + Level 1.6 Unarmed Combat
 + Level 5.2 Spellcasting
 + Level 1.3 Conjurations
 + Level 1.3 Hexes
 + Level 1.3 Summonings
 + Level 1.3 Necromancy
 + Level 5.6 Translocations
 + Level 1.3 Transmutations
 + Level 1.3 Fire Magic
 + Level 1.3 Ice Magic
 + Level 1.3 Air Magic
 + Level 1.3 Earth Magic
 + Level 1.3 Poison Magic
 + Level 1.8 Invocations
 + Level 1.6 Evocations


You had 5 spell levels left.
You knew the following spells:

 Your Spells              Type           Power      Damage    Failure   Level
a - Shock                 Conj/Air       24%        1d4       14%         1
b - Blink                 Tloc           N/A        N/A       3%          2
c - Gell's Gravitas       Tloc           8%         N/A       7%          3
d - Teleport Other        Tloc           17%        N/A       7%          3

Your spell library contained the following spells:

 Spells                   Type           Power      Damage    Failure   Level
 Lesser Beckoning         Tloc           8%         N/A       7%          3
 Swiftness                Air            6%         N/A       38%         3
 Manifold Assault         Tloc           17%        N/A       54%         5
 Airstrike                Air            3%         N/A       80%         4


Dungeon Overview and Level Annotations

Branches:
Dungeon (4/15)
 Temple: D:4-7

Altars:


Innate Abilities, Weirdness & Mutations

You have very sharp teeth.
Your uncanny sense of smell can sniff out nearby items.
Your experience applies equally to all skills.


Message History

There is an open door here.
There is a stone staircase leading up here.
The orc hits you with a +0 dagger.
You climb upwards.
There is a stone staircase leading down here.
You barely miss the orc. The orc hits you but does no damage.
You barely miss the orc. You hit the orc.
The orc is severely wounded.
The orc barely misses you.
You closely miss the orc.
The orc is severely wounded.
The orc hits you with a +0 dagger.
You hit the orc but do no damage.
The orc is severely wounded.
The orc barely misses you.
You hit the orc but do no damage. Your bite misses the orc.
The orc is severely wounded.
The orc closely misses you.
You completely miss the orc.
The orc is severely wounded.
The orc closely misses you.
You closely miss the orc.
The orc is severely wounded.
The orc barely misses you.
You hit the orc.
You kill the orc!
Things that are here:
a +0 dagger; a +0 leather armour
There is a stone staircase leading down here.
You start resting.
Magic restored.
You start resting.
HP restored.
You climb downwards.
The ogre hits you with a +0 giant spiked club!!
There is a stone staircase leading up, spattered with blood here.
The ogre hits you with a +0 giant spiked club!!
Ouch! That really hurt!
You die...

#.........# #........ #.........#
#........ #.........# #.....†..
+.........# #........ #.........#
######........
#####.........######....(########
........######...........#......#
........# #...........#......#
........# #...........#.......
........# #...........#.......
.......)# #.O@........+.......
.(......# +...........#.......
........# #...........####'###
...###### ####.........#...###
...#....+ #.........#......
...#....# #.........'......
...#....# #.........#......
...##...# #.........#......
....#..[####+####.........#.####+
†...#...#...............#####
.)..#...#...............#


You could see an ogre.

Vanquished Creatures
  Jessica (D:3)
  A gnoll (D:1)
  7 adders
  2 worms
  2 dart slugs
  6 orcs (D:3)
  4 endoplasms (D:1)
  3 giant cockroaches
  A goblin (D:1)
  7 hobgoblins
  3 jackals (D:2)
  5 quokkas
  9 ball pythons
  8 bats
  5 frilled lizards
  5 kobolds
  22 rats
91 creatures vanquished.

Vanquished Creatures (others)
  5 toadstools (D:1)
5 creatures vanquished.

Grand Total: 96 creatures vanquished

Notes
Turn   | Place    | Note
-------+----------+-------------------------------------------
     0 | D:1      | om the Gnoll Warper began the quest for the Orb.
     0 | D:1      | Reached XP level 1. HP: 20/20 MP: 6/6
   143 | D:1      | Reached XP level 2. HP: 24/26 MP: 7/7
   308 | D:1      | Learned a level 1 spell: Shock
   311 | D:1      | Learned a level 2 spell: Blink
   963 | D:1      | Reached XP level 3. HP: 19/31 MP: 7/9
  1117 | D:1      | Reached skill level 5 in Spellcasting
  1269 | D:1      | Reached skill level 1 in Invocations
  1279 | D:1      | Found a faded altar of an unknown god.
  1994 | D:2      | Reached skill level 1 in Long Blades
  1994 | D:2      | Reached skill level 1 in Axes
  1994 | D:2      | Reached skill level 1 in Maces & Flails
  1994 | D:2      | Reached skill level 1 in Polearms
  1994 | D:2      | Reached skill level 1 in Staves
  1994 | D:2      | Reached skill level 1 in Slings
  1994 | D:2      | Reached skill level 1 in Bows
  1994 | D:2      | Reached skill level 1 in Crossbows
  1994 | D:2      | Reached skill level 1 in Stealth
  1994 | D:2      | Reached skill level 1 in Shields
  1994 | D:2      | Reached skill level 1 in Unarmed Combat
  1994 | D:2      | Reached skill level 1 in Evocations
  1998 | D:2      | Reached XP level 4. HP: 12/38 MP: 9/11
  2924 | D:2      | Reached skill level 1 in Conjurations
  2924 | D:2      | Reached skill level 1 in Hexes
  2924 | D:2      | Reached skill level 1 in Summonings
  2924 | D:2      | Reached skill level 1 in Necromancy
  2924 | D:2      | Reached skill level 1 in Transmutations
  2924 | D:2      | Reached skill level 1 in Fire Magic
  2924 | D:2      | Reached skill level 1 in Ice Magic
  2924 | D:2      | Reached skill level 1 in Air Magic
  2924 | D:2      | Reached skill level 1 in Earth Magic
  2924 | D:2      | Reached skill level 1 in Poison Magic
  3356 | D:3      | Noticed Jessica
  3365 | D:3      | Killed Jessica
  3366 | D:3      | Reached XP level 5. HP: 34/43 MP: 12/12
  4375 | D:3      | Learned a level 3 spell: Gell's Gravitas
  4379 | D:3      | Learned a level 3 spell: Teleport Other
  5352 | D:4      | Noticed an ogre
  5426 | D:4      | Slain by an ogre

Illustrated notes

Levels and vault maps discovered:
D:1:      ldierk_walled_garden, layout_loops_ring,
          shapermc_ecumenical_altar_flowoftime, minmay_vboxes
D:2:      layout_basic, minmay_rat_hole
D:3:      layout_basic, uniq_jessica
D:4:      layout_gridville, uniq_edmund

Skill      XL: |  1  2  3  4  5 |
---------------+----------------+-----
Spellcasting   | 5 |  5.2
Invocations    | 1 |  1.8
Long Blades    | 1 |  1.6
Axes           | 1 |  1.6
Maces & Flails | 1 |  1.6
Polearms       | 1 |  1.6
Staves         | 1 |  1.6
Slings         | 1 |  1.6
Bows           | 1 |  1.6
Crossbows      | 1 |  1.6
Stealth        | 1 |  1.6
Shields        | 1 |  1.6
Unarmed Combat | 1 |  1.6
Evocations     | 1 |  1.6
Conjurations   | 1 |  1.3
Hexes          | 1 |  1.3
Summonings     | 1 |  1.3
Necromancy     | 1 |  1.3
Transmutations | 1 |  1.3
Fire Magic     | 1 |  1.3
Ice Magic      | 1 |  1.3
Air Magic      | 1 |  1.3
Earth Magic    | 1 |  1.3
Poison Magic   | 1 |  1.3
Throwing       | 3 |  3.0
Armour         | 3 |  3.0
Fighting       | |  4.8
Short Blades   | |  4.8
Dodging        | |  4.8
Translocations | |  5.6

Action                   |  1- 3 |  4- 6 || total
-------------------------+-------+-------++-------
Melee: Short sword       |   103 |   223 ||   326
       Bite              |     4 |    17 ||    21
       Punch             |       |     1 ||     1
Throw: Boomerang         |     2 |       ||     2
 Cast: Shock             |     8 |    26 ||    34
       Teleport Other    |       |     2 ||     2
       Blink             |       |     1 ||     1
       Gell's Gravitas   |       |     1 ||     1
  Use: Scroll            |       |     7 ||     7
 Stab: Sleeping          |     2 |     2 ||     4
Armor: Leather armour    |    34 |    59 ||    93
Dodge: Dodged            |    70 |   130 ||   200
